 Dungeon Crawl Stone Soup version 0.30-a0-576-g89cddaab80 (webtiles) character file.

Game seed: 6331229668685802881

118 Shayle the Conjurer (level 5, -1/48 HPs)
             Began as a Tengu Reaver on Dec 30, 2022.
             Slain by an orc wizard
             ... wielding a +0 dagger
              (3 damage)
             ... on level 3 of the Dungeon.
             The game lasted 00:07:12 (1748 turns).

Shayle the Conjurer (Tengu Reaver)                  Turns: 1748, Time: 00:07:12

Health: -1/48      AC:  3    Str: 13    XL:     5   Next: 2%
Magic:  9/9        EV: 14    Int: 15    God:
Gold:   178        SH:  0    Dex: 12    Spells: 7/8 levels left

rFire   . . .      SeeInvis .    r - +2 hand axe (pain)
rCold   . . .      Faith    .    (no shield)
rNeg    . . .      Spirit   .    b - +0 leather armour
rPois   .          Reflect  .    (helmet restricted)
rElec   .          Harm     .    (no cloak)
rCorr   .          Rampage  .    (no gloves)
Will    .....                    (boots unavailable) Stlth
                                 (no amulet)
HPRegen 0.28/turn                (no ring)
MPRegen 0.11/turn                (no ring)

@: confused, berserking, flying quickly and evasively, very quick
A: beak, talons 3, nimble flight
a: no special abilities


You were on level 3 of the Dungeon.
You visited 1 branch of the dungeon, and saw 3 of its levels.

You collected 178 gold pieces.

Inventory:

Hand Weapons
 a - a +0 short sword
 r - a +2 hand axe of pain (weapon)
Missiles
 c - 6 curare-tipped darts
 q - a throwing net
Armour
 b - a +0 leather armour (worn)
Jewellery
 h - a ring of fire
 l - an amulet of faith
Wands
 n - a wand of polymorph (10)
Scrolls
 d - a scroll of enchant armour {unknown}
 k - 3 scrolls of identify {unknown}
 p - a scroll of immolation
Potions
 f - a potion of cancellation {unknown}
 g - a potion of berserk rage
 i - a potion of degeneration {unknown}
 j - 2 potions of heal wounds {unknown}
 m - 3 potions of ambrosia {unknown}
 o - a potion of attraction {unknown}


   Skills:
 + Level 3.0 Fighting
 - Level 3.2 Short Blades
 + Level 3.3 Dodging
 - Level 2.0 Spellcasting
 - Level 4.0 Conjurations
 + Level 2.2 Necromancy
 + Level 1.3 Earth Magic


You had 7 spell levels left.
You knew the following spells:

 Your Spells              Type           Power      Damage    Failure   Level
a - Kiss of Death         Conj/Necr      40%        2d8       8%          1

Your spell library contained the following spells:

 Spells                   Type           Power      Damage    Failure   Level
 Momentum Strike          Conj/Tloc      14%        3d8       19%         2
 Hailstorm                Conj/Ice       7%         3d4       36%         3
 Gell's Gravitas          Tloc           1%         N/A       63%         3
 Teleport Other           Tloc           1%         N/A       63%         3
 Dispersal                Tloc           0%         N/A       100%        6


Dungeon Overview and Level Annotations

Branches:
Dungeon (3/15)

Altars:


Innate Abilities, Weirdness & Mutations

You have a beak for a mouth.
You have claws for feet.
Your magical nature lets you fly swiftly and evasively.


Message History

You barely miss something.
You hear some strange, mumbled words.
Something tries to affect you, but you resist.
Your Fighting skill increases to level 3!
You have reached level 5!
Your magical nature develops, letting you fly swiftly and evasively.
You barely miss something. Your kick misses something. Something hits you.
* * * LOW HITPOINT WARNING * * *
You closely miss something. Your peck misses something.
You hear some strange, mumbled words.
Something tries to affect you, but you resist.
You closely miss something. Your kick misses something.
Your peck misses something. Something hits you.
* * * LOW HITPOINT WARNING * * *
You barely miss something. Your peck misses something. You hit the orc.
The orc closely misses you.
You hear some strange, mumbled words.
A puff of flame appears from out of thin air!
The puff of flame misses you.
You closely miss the orc. You claw the orc.
You kill the orc!
You hit something. Something hits you.
* * * LOW HITPOINT WARNING * * *
You hit something. Your kick misses something. Your peck misses something.
You hear some strange, mumbled words.
You are confused.
Something hits you.
* * * LOW HITPOINT WARNING * * *
It was a potion of berserk rage.
A red film seems to cover your vision as you go berserk!
You feel yourself moving faster!
You feel mighty! Something hits you but does no damage.
You feel a strong urge to attack something.
You see here a +0 club.
You completely miss something. Your kick misses something.
Your peck misses something. Something hits you.
* * * LOW HITPOINT WARNING * * *
You closely miss something. Your kick misses something.
Your peck misses something. Something hits you.
You die...

#............#
###.....>....#
#..........#
#..........#
####..........#
#.............#
####.......).....#
#{......>........#
#@#####..........#
#.# #..........#
#.# ############
#.# #.# #.# #.#
#.#


There were no monsters in sight!

Vanquished Creatures
  An orc wizard (D:3)
  2 adders (D:2)
  3 worms
  7 orcs (D:3)
  4 ball pythons
  4 endoplasms (D:1)
  3 giant cockroaches
  5 goblins
  3 hobgoblins (D:2)
  A jackal (D:3)
  4 quokkas
  7 bats
  2 frilled lizards
  6 kobolds
  5 rats
57 creatures vanquished.

Notes
Turn   | Place    | Note
-------+----------+-------------------------------------------
     0 | D:1      | Shayle the Tengu Reaver began the quest for the Orb.
     0 | D:1      | Reached XP level 1. HP: 12/12 MP: 4/4
   219 | D:1      | Reached XP level 2. HP: 17/17 MP: 6/6
   394 | D:1      | Reached skill level 1 in Necromancy
   733 | D:2      | Reached XP level 3. HP: 17/22 MP: 7/7
  1228 | D:2      | Reached skill level 1 in Earth Magic
  1228 | D:2      | Reached XP level 4. HP: 26/27 MP: 8/8
  1265 | D:2      | Found a faded altar of an unknown god.
  1736 | D:3      | HP: 1/27 [something (3)]
  1739 | D:3      | Gained mutation: Your magical nature lets you fly swiftly
                  | and evasively. [Tengu growth]
  1739 | D:3      | Reached XP level 5. HP: 8/32 MP: 9/9
  1747 | D:3      | HP: 2/48 [something (3)]
  1748 | D:3      | Slain by an orc wizard

Illustrated notes

Levels and vault maps discovered:
D:1:      beargit_arrival_diablo_church, layout_basic
D:2:      layout_basic, hellmonk_ecumenical_altar_blasted, minmay_puff
D:3:      layout_basic, nicolae_qazlal_eye_of_the_storm

Skill      XL: |  1  2  3  4 |
---------------+-------------+-----
Necromancy     | 1 2 |  2.2
Dodging        | 3 |  3.3
Earth Magic    | 1 |  1.3
Fighting       | 3 |  3.0
Short Blades   | |  3.2
Spellcasting   | |  2.0
Conjurations   | |  4.0

Action                   |  1- 3 |  4- 6 || total
-------------------------+-------+-------++-------
Melee: Short sword       |   146 |    44 ||   190
       Kick              |    32 |    15 ||    47
       Peck              |    17 |     9 ||    26
       Punch             |     1 |     1 ||     2
       Hand axe          |       |    16 ||    16
Evoke: Wand              |     1 |       ||     1
  Use: Scroll            |     1 |     1 ||     2
       Potion            |       |     6 ||     6
Armor: Leather armour    |    36 |    12 ||    48
Dodge: Dodged            |   102 |    36 ||   138

Table legend: (Time is in decaauts)
 A = Elapsed time spent in this place.
 B = Non-inter-level travel time spent in this place.
 C = Inter-level travel time spent in this place.
 D = Time resting spent in this place.
 E = Time spent auto-exploring this place.
 F = Levels seen in this place.
 G = Mean time per level.
                   A        B        C        D        E       F      G
               +--------+--------+--------+--------+--------+-----+--------+
         Total |   1721 |   1692 |     29 |     80 |    911 |   3 |  573.7 |
       Dungeon |   1721 |   1692 |     29 |     80 |    911 |   3 |  573.7 |
               +--------+--------+--------+--------+--------+-----+--------+

Top non-repeatable levels by time:
     D:1: 664 daAuts
     D:2: 542 daAuts
     D:3: 514 daAuts
